 Dungeon Crawl Stone Soup version 0.30.1-4-g462c640d31 (webtiles) character file.

Game seed: 6285663631319016840

196 Cassiopeia the Grasshopper (level 5, -5/43 HPs)
             Began as a Gnoll Warper on Sept 11, 2023.
             Slain by a gnoll sergeant
             ... wielding a +4 spear of freezing
              (14 damage)
             ... on level 3 of the Dungeon.
             The game lasted 00:06:10 (2866 turns).

Cassiopeia the Grasshopper (Gnoll Warper)           Turns: 2866, Time: 00:06:10

Health: -5/43      AC: 12    Str: 11    XL:     5   Next: 74%
Magic:  12/12      EV:  3    Int: 14    God:
Gold:   185        SH:  0    Dex: 11    Spells: 12/14 levels left

rFire   + . .        a - +0 spear
rCold   . . .        (no shield)
rNeg    . . .        e - +0 plate armour
rPois   .            (no helmet)
rElec   .            n - scarf {repulsion}
rCorr   .            s - +0 pair of gloves
SInv    .            (no boots)
Will    .....        (no amulet) Stlth
                     m - ring of protection from fire
HPRegen 0.27/turn    (no ring)
MPRegen 0.13/turn

%: repel missiles
@: no status effects
A: fangs 1, strong nose, distributed training
a: no special abilities


You were on level 3 of the Dungeon.
You visited 1 branch of the dungeon, and saw 4 of its levels.

You collected 185 gold pieces.

Inventory:

Hand Weapons
 a - a +0 spear (weapon)
Missiles
 d - 4 boomerangs of dispersal (quivered)
Armour
 b - a +0 leather armour
 e - a +0 plate armour (worn)
 k - an orb of energy
 n - a scarf of repulsion (worn)
 s - a +0 pair of gloves (worn)
Jewellery
 m - a ring of protection from fire (left hand)
Scrolls
 c - a scroll of blinking
 i - a scroll of teleportation {unknown}
 o - a scroll of fear {unknown}
 u - a scroll of enchant weapon {unknown}
Potions
 h - a potion of might {unknown}
 l - a potion of curing
 p - 2 potions of heal wounds {unknown}
 q - a potion of attraction {unknown}
 r - a potion of mutation {unknown}
 t - 2 potions of brilliance {unknown}


   Skills:
 + Level 4.9 Fighting
 + Level 1.7 Short Blades
 + Level 1.7 Long Blades
 + Level 1.7 Axes
 + Level 1.7 Maces & Flails
 + Level 4.9 Polearms
 + Level 1.7 Staves
 + Level 1.7 Ranged Weapons
 + Level 3.1 Throwing
 + Level 3.1 Armour
 + Level 4.9 Dodging
 + Level 1.7 Stealth
 + Level 1.7 Shields
 + Level 1.7 Unarmed Combat
 + Level 5.2 Spellcasting
 + Level 1.3 Conjurations
 + Level 1.3 Hexes
 + Level 1.3 Summonings
 + Level 1.3 Necromancy
 + Level 5.6 Translocations
 + Level 1.3 Transmutations
 + Level 1.3 Fire Magic
 + Level 1.3 Ice Magic
 + Level 1.3 Air Magic
 + Level 1.3 Earth Magic
 + Level 1.3 Poison Magic
 + Level 1.9 Invocations
 + Level 1.7 Evocations


You had 12 spell levels left.
You knew the following spells:

 Your Spells              Type           Power      Damage    Failure   Level
a - Blink                 Tloc           38%        N/A       100%        2

Your spell library contained the following spells:

 Spells                   Type           Power      Damage    Failure   Level
 Lesser Beckoning         Tloc           38%        N/A       100%        2
 Teleport Other           Tloc           19%        N/A       100%        3
 Vhi's Electric Charge    Tloc/Air       26%        N/A       100%        3
 Manifold Assault         Tloc           19%        N/A       100%        4


Dungeon Overview and Level Annotations

Branches:
Dungeon (4/15)
 Temple: D:4-7

Altars:
Ashenzari

Shops:
D:1 [

Annotations:
D:3 Grinder


Innate Abilities, Weirdness & Mutations

You have very sharp teeth.
Your uncanny sense of smell can sniff out nearby items.
Your experience applies equally to all skills.


Message History

There is a stone staircase leading down here.
You climb downwards.
The gnoll sergeant hits you from afar with a +4 spear of freezing.
The gnoll sergeant freezes you.
There is a stone staircase leading up, spattered with blood here.
Unknown command.
The gnoll hits you from afar with a +1 heavy spear.
The gnoll sergeant hits you with a +4 spear of freezing!
The gnoll sergeant freezes you.
There is a stone staircase leading up, spattered with blood here.
The gnoll sergeant hits you with a +4 spear of freezing.
The gnoll sergeant freezes you. The gnoll hits you but does no damage.
You climb upwards.
Level annotation: Grinder
There is a stone staircase leading down here.
You are too injured to fight recklessly!
Unknown command.
You barely miss the gnoll sergeant.
You bite the gnoll sergeant, but do no damage.
The gnoll sergeant hits you but does no damage.
You hit the gnoll sergeant but do no damage.
The gnoll sergeant hits you with a +4 spear of freezing!
* * * LOW HITPOINT WARNING * * *
The gnoll sergeant freezes you.
* * * LOW HITPOINT WARNING * * *
Unknown command.
Okay, then.
Throw: 6 boomerangs (disperse)
Press: ? - help, Q - select action Shift-Dir - straight line, f - gnoll sergeant
Aim: a gnoll sergeant, wielding a +4 spear of freezing and wearing a +0 scale mail (67% to hit)
You throw a boomerang of dispersal.
The boomerang of dispersal hits the gnoll sergeant and shatters, but does no damage.
The gnoll sergeant hits you but does no damage.
Throw: 5 boomerangs (disperse)
Press: ? - help, Q - select action Shift-Dir - straight line, f/p - gnoll sergeant
Aim: a gnoll sergeant, wielding a +4 spear of freezing and wearing a +0 scale mail (67% to hit)
You throw a boomerang of dispersal.
The boomerang of dispersal closely misses the gnoll sergeant.
The gnoll sergeant hits you with a +4 spear of freezing!
You die...

.# #.# #...# .## #########.#
#...## ..# #......##.# ##.#.##
..# #.####.##.# #.)..##
#.#######)##......# ####.....#
.............#.#########.........
#.#######.####..)....##.........#
#.# #.####..####.##..#.#...#. ..#
#......)@........##.#.#.# ###
######.g#.##.##......#.##
#..#.##.######.#.## #.......#
#.### #.##.##.# ###†### #.# .##.#
#.....# #.. ....# #.....# ###
.#### #.....# #.....#


You could see a gnoll sergeant.

Vanquished Creatures
  A scorpion (D:3)
  An iguana (D:3)
  An adder (D:2)
  3 gnolls
  A worm (D:3)
  2 dart slugs (D:2)
  6 ball pythons
  8 endoplasms
  2 giant cockroaches
  7 goblins
  2 hobgoblins
  6 jackals
  5 kobolds
  3 quokkas
  7 bats
  2 frilled lizards (D:1)
  10 rats
67 creatures vanquished.

Notes
Turn   | Place    | Note
-------+----------+-------------------------------------------
     0 | D:1      | Cassiopeia the Gnoll Warper began the quest for the Orb.
     0 | D:1      | Reached XP level 1. HP: 20/20 MP: 6/6
    84 | D:1      | Reached XP level 2. HP: 17/26 MP: 7/7
   193 | D:1      | Learned a level 2 spell: Blink
   451 | D:1      | Found Giadogry's Antique Armour Boutique.
   607 | D:1      | Reached skill level 5 in Spellcasting
   607 | D:1      | Reached XP level 3. HP: 30/31 MP: 7/9
   950 | D:1      | Found a faded altar of an unknown god.
   950 | D:1      | Noticed a rust devil
   987 | D:2      | Reached skill level 1 in Invocations
  1103 | D:2      | Reached skill level 1 in Short Blades
  1103 | D:2      | Reached skill level 1 in Long Blades
  1103 | D:2      | Reached skill level 1 in Axes
  1103 | D:2      | Reached skill level 1 in Maces & Flails
  1103 | D:2      | Reached skill level 1 in Staves
  1103 | D:2      | Reached skill level 1 in Ranged Weapons
  1103 | D:2      | Reached skill level 1 in Stealth
  1103 | D:2      | Reached skill level 1 in Shields
  1103 | D:2      | Reached skill level 1 in Unarmed Combat
  1103 | D:2      | Reached skill level 1 in Evocations
  1412 | D:2      | Reached XP level 4. HP: 38/38 MP: 11/11
  1920 | D:3      | Reached skill level 1 in Conjurations
  1920 | D:3      | Reached skill level 1 in Hexes
  1920 | D:3      | Reached skill level 1 in Summonings
  1920 | D:3      | Reached skill level 1 in Necromancy
  1920 | D:3      | Reached skill level 1 in Transmutations
  1920 | D:3      | Reached skill level 1 in Fire Magic
  1920 | D:3      | Reached skill level 1 in Ice Magic
  1920 | D:3      | Reached skill level 1 in Air Magic
  1920 | D:3      | Reached skill level 1 in Earth Magic
  1920 | D:3      | Reached skill level 1 in Poison Magic
  2253 | D:3      | Found a broken altar of Ashenzari.
  2422 | D:3      | Noticed Grinder
  2428 | D:3      | Paralysed by Grinder for 4 turns
  2438 | D:3      | Paralysed by Grinder for 3 turns
  2536 | D:4      | Noticed a scorpion
  2536 | D:4      | Noticed a gnoll sergeant
  2537 | D:4      | Reached XP level 5. HP: 43/43 MP: 12/12
  2866 | D:3      | Slain by a gnoll sergeant

Illustrated notes

Levels and vault maps discovered:
D:1:      dpeg_arrival_solitude, layout_basic, serial_shops,
          nicolae_shop_just_a_little_nook,
          dreamdust_ecumenical_altar_sealed_demon, serial_bayou_pond_a
D:2:      layout_basic, hangedman_abyss_or_decor_lesser_grid
D:3:      layout_loops_cross, lemuel_tele_altar, minmay_misc_feat_roman,
          st_stairs_13, uniq_grinder
D:4:      layout_cave_pools

Skill      XL: |  1  2  3  4  5 |
---------------+----------------+-----
Spellcasting   | 5 |  5.2
Invocations    | 1 |  1.9
Short Blades   | 1 |  1.7
Long Blades    | 1 |  1.7
Axes           | 1 |  1.7
Maces & Flails | 1 |  1.7
Staves         | 1 |  1.7
Ranged Weapons | 1 |  1.7
Stealth        | 1 |  1.7
Shields        | 1 |  1.7
Unarmed Combat | 1 |  1.7
Evocations     | 1 |  1.7
Conjurations   | 1 |  1.3
Hexes          | 1 |  1.3
Summonings     | 1 |  1.3
Necromancy     | 1 |  1.3
Transmutations | 1 |  1.3
Fire Magic     | 1 |  1.3
Ice Magic      | 1 |  1.3
Air Magic      | 1 |  1.3
Earth Magic    | 1 |  1.3
Poison Magic   | 1 |  1.3
Throwing       | 3 |  3.1
Armour         | 3 |  3.1
Fighting       | |  4.9
Polearms       | |  4.9
Dodging        | |  4.9
Translocations | |  5.6

Action                     |  1- 3 |  4- 6 || total
---------------------------+-------+-------++-------
  Melee: Spear             |   176 |   105 ||   281
         Punch             |     3 |     2 ||     5
         Bite              |    11 |     6 ||    17
  Throw: Javelin           |       |     2 ||     2
         Boomerang         |       |     3 ||     3
    Use: Scroll            |       |     3 ||     3
         Potion            |       |     1 ||     1
   Stab: Sleeping          |     1 |       ||     1
 Armour: Leather armour    |    21 |       ||    21
         Plate armour      |    58 |    55 ||   113
  Dodge: Dodged            |    44 |    10 ||    54
